 Dungeon Crawl Stone Soup version 0.30.0-29-ga12c61a403 (webtiles) character file.

Game seed: 4764908911577473507

103 seaoflcl the Shield-Bearer (level 4, -3/40 HPs)
             Began as a Minotaur Fighter on June 15, 2023.
             Slain by a gnoll
             ... wielding a +0 halberd
              (8 damage)
             ... on level 3 of the Dungeon.
             The game lasted 00:02:10 (1824 turns).

seaoflcl the Shield-Bearer (Minotaur Fighter)       Turns: 1824, Time: 00:02:10

Health: -3/40      AC: 10    Str: 28    XL:     4   Next: 51%
Magic:  3/3        EV:  8    Int:  5    God:
Gold:   82         SH:  4    Dex: 10    Spells: 3/3 levels left

rFire   . . .        a - +0 war axe
rCold   . . .        c - +0 buckler
rNeg    . . .        m - +0 chain mail
rPois   .            (helmet restricted)
rElec   .            (no cloak)
rCorr   .            (no gloves)
SInv    .            k - +0 pair of boots
Will    .....        (no amulet) Stlth
                     w - +6 ring of strength
HPRegen 0.26/turn    (no ring)
MPRegen 0.08/turn

%: no passive effects
@: no status effects
A: horns 2, retaliatory headbutt
a: no special abilities


You were on level 3 of the Dungeon.
You visited 1 branch of the dungeon, and saw 3 of its levels.

You collected 82 gold pieces.

Inventory:

Hand Weapons
 a - a +0 war axe (weapon)
 u - a +2 short sword of holy wrath
Missiles
 l - 3 boomerangs (quivered)
 r - 3 poisoned darts
Armour
 c - a +0 buckler (worn)
 k - a +0 pair of boots (worn)
 m - a +0 chain mail (worn)
Jewellery
 w - a +6 ring of strength (left hand)
Scrolls
 b - 2 scrolls of enchant armour {unknown}
 e - 6 scrolls of identify {unknown}
 g - 3 scrolls of noise {unknown}
 p - a scroll of enchant weapon {unknown}
 q - 2 scrolls of fog {unknown}
 s - a scroll of fear {unknown}
 v - a scroll of summoning {unknown}
Potions
 d - 3 potions of might
 f - 6 potions of curing {unknown}
 h - 2 potions of invisibility {unknown}
 i - a potion of heal wounds {unknown}
 j - a potion of ambrosia {unknown}
 n - a potion of lignification {unknown}
 o - a potion of flight {unknown}
 t - a potion of degeneration {unknown}


   Skills:
 + Level 4.2 Fighting
 * Level 3.9 Axes
 + Level 1.1 Throwing
 + Level 4.2 Armour
 + Level 4.3 Shields


You had 3 spell levels left.
You didn't know any spells.
Your spell library was empty.

Dungeon Overview and Level Annotations

Branches:
Dungeon (3/15)

Altars:

Shops:
D:3 (


Innate Abilities, Weirdness & Mutations

You have a pair of horns on your head.
You reflexively headbutt those who attack you in melee.


Message History

You slash the gnoll!
You kill the gnoll!
The gnoll hits you from afar with a +0 halberd.
You hit the gnoll.
The gnoll is moderately wounded.
The gnoll closely misses you. You block the gnoll's attack.
You slash the gnoll!
You kill the gnoll!
The gnoll hits you from afar with a +0 halberd!
Found a scale mail.
The gnoll closely misses you. You furiously retaliate!
You headbutt the gnoll.
You see here a +0 flail of protection.
You barely miss the gnoll.
The gnoll is heavily wounded.
The gnoll hits you with a +0 halberd! The gnoll hits you with a +0 halberd.
* * * LOW HITPOINT WARNING * * *
You are too injured to fight recklessly!
You are too injured to fight recklessly!
You are too injured to fight recklessly!
You are too injured to fight recklessly!
You are too injured to fight recklessly!
You are too injured to fight recklessly!
You are too injured to fight recklessly!
You are too injured to fight recklessly!
You are too injured to fight recklessly!
You are too injured to fight recklessly!
You are too injured to fight recklessly!
You are too injured to fight recklessly!
Unknown command.
You barely miss the gnoll.
The gnoll is heavily wounded.
The gnoll hits you with a +0 halberd!
* * * LOW HITPOINT WARNING * * *
You hit the gnoll.
The gnoll is almost dead.
You block the gnoll's attack.
You barely miss the gnoll.
The gnoll is almost dead.
You block the gnoll's attack. The gnoll hits you with a +0 halberd!
You die...

#.# #... #.# ###.## #.#
####...## #.# ###........
########.#####...#.#####
...............##(.#
...(...)..#######.##
.......)..## #...#
.......@...#####.... ##
......g..#.#.##...#.. .#
[...............#.####.#
..................##...#
##########...#....<.##........
#.<..................#.....###
#.....................>......#
#.................รท..........#
#......<..........###.......)#


You could see a gnoll.

Vanquished Creatures
  Terence (D:2)
  2 gnolls (D:3)
  A worm (D:2)
  A dart slug (D:3)
  6 ball pythons
  5 endoplasms
  2 giant cockroaches
  7 goblins
  4 hobgoblins
  6 jackals
  4 kobolds
  A quokka (D:2)
  4 bats
  A frilled lizard (D:1)
  4 rats
49 creatures vanquished.

Notes
Turn   | Place    | Note
-------+----------+-------------------------------------------
     0 | D:1      | seaoflcl the Minotaur Fighter began the quest for the Orb.
     0 | D:1      | Reached XP level 1. HP: 19/19 MP: 0/0
   166 | D:1      | Reached XP level 2. HP: 27/27 MP: 1/1
   766 | D:2      | Noticed Terence
   770 | D:2      | Killed Terence
   771 | D:2      | Reached XP level 3. HP: 21/33 MP: 2/2
  1601 | D:3      | Reached XP level 4. HP: 39/40 MP: 3/3
  1667 | D:3      | Reached skill level 1 in Throwing
  1701 | D:3      | Found Osigij's Weapon Shoppe.
  1824 | D:3      | Slain by a gnoll

Illustrated notes

Levels and vault maps discovered:
D:1:      mrwooster_arrival_statue_2, layout_loops_ring
D:2:      wad_crossroads, layout_loops_ring, uniq_terence
D:3:      layout_rooms, serial_shops, shop

Skill      XL: |  1  2  3  4 |
---------------+-------------+-----
Axes           | 3 |  3.9
Fighting       | 4 |  4.2
Armour         | 4 |  4.2
Shields        | 4 |  4.3
Throwing       | 1 |  1.1

Action                     |  1- 3 |  4- 6 || total
---------------------------+-------+-------++-------
  Melee: War axe           |    85 |    19 ||   104
         Headbutt          |     9 |     1 ||    10
 Armour: Scale mail        |    16 |       ||    16
         Chain mail        |    32 |     7 ||    39
  Dodge: Dodged            |    33 |    11 ||    44
  Block: Buckler           |    21 |     6 ||    27
